 Dungeon Sprint DCSS version 0.28-a0-71-g84acfa7270 (webtiles) character file.

Game seed: 1224121422588876018

99 Zeldest the Grappler (level 4, -2/45 HPs)
             Began as a Troll Fighter on Aug 2, 2021.
             Was an Initiate of Cheibriados.
             Slain by a wight (10 damage)
             ... in the Dungeon (Sprint IX: "|||||||||||||||||||||||||||||").
             The game lasted 00:00:57 (108 turns).

Zeldest the Grappler (Troll Fighter)                 Turns: 108, Time: 00:00:58

Health: -2/45      AC:  4    Str: 29    XL:     4   Next: 45%
Magic:  2/4        EV:  8    Int:  5    God:    Cheibriados [......]
Gold:   0          SH:  9    Dex: 10    Spells: 3/3 levels left

rFire   . . .      SeeInvis .     - Unarmed
rCold   . . .      Faith    .   b - +0 kite shield
rNeg    . . .      Spirit   .   a - +0 robe
rPois   .          Reflect  .   (helmet restricted)
rElec   .          Harm     .   (no cloak)
rCorr   .          Rampage  .   (gloves unavailable)
Will    .....      NoTele   +   (boots unavailable)
Stlth   +.........              (no amulet)
HPRegen 1.15/turn               k - +3 ring of strength
MPRegen 0.09/turn               (no ring)

@: very slow
A: large, unfitting armour, claws 3, regeneration 1, shaggy fur 1, tough skin 1
a: Renounce Religion, Bend Time


You were in the Dungeon.
You worshipped Cheibriados.
Cheibriados was noncommittal.
You visited 1 branch

Inventory:

Armour
 a - a +0 robe (worn)
 b - a +0 kite shield (worn)
Jewellery
 k - a +3 ring of strength (left claw)
 l - a +3 ring of intelligence
Wands
 j - a wand of iceblast (10)
Scrolls
 h - 2 scrolls of amnesia
 i - a scroll of blinking
Potions
 c - a potion of might
 d - 5 potions of curing
 e - 3 potions of heal wounds
 f - a potion of invisibility
 g - 4 potions of magic


   Skills:
 + Level 3.0 Fighting
 + Level 1.4 Armour
 - Level 2.4 Dodging
 + Level 3.0 Shields
 + Level 8.0 Unarmed Combat
 + Level 1.6 Invocations


You had 3 spell levels left.
You didn't know any spells.
Your spell library was empty.

Dungeon Overview and Level Annotations

Branches:
Dungeon (1/1)

Altars:
Cheibriados
Dithmenos
Elyvilon
Fedhas
Gozag
Hepliaklqana
Kikubaaqudgha
Makhleb
Nemelex Xobeh
Okawaru
Qazlal
Ru
Sif Muna
Trog
Uskayaw
Vehumet
Wu Jian
Xom
Yredelemnul
Zin
The Shining One
Beogh
Jiyva
Lugonu


Innate Abilities, Weirdness & Mutations

You are too large for most types of armour.
You have claws for hands.
Your natural rate of healing is unusually fast.
You are covered in fur. (AC +1)
You have tough skin. (AC +1)


Message History

You open the door.
A killer bee, 3 orcs, a wight and a zombie come into view.
The wight is wielding a +2 short sword of freezing.
The orc warrior shouts!
The orc wizard shouts!
The orc warrior shouts!
The killer bee buzzes angrily.
You miss the killer bee. The killer bee stings you.
You block the killer bee's attack. The killer bee barely misses you.
You scratch the killer bee.
The killer bee is moderately wounded.
The killer bee stings you. You block the killer bee's attack.
You scratch the killer bee but do no damage.
The killer bee is moderately wounded.
The killer bee closely misses you. You block the killer bee's attack.
You claw the killer bee!
You kill the killer bee!
Cheibriados thoroughly appreciates the change of pace.
Your Fighting skill increases to level 3!
Your Armour skill increases to level 1!
Your Shields skill increases to level 3!
Your Unarmed Combat skill increases to level 8!
Your Invocations skill increases to level 1!
You have reached level 4!
Your shield prevents you from hitting the orc warrior.
The orc wizard casts a spell.
The orc wizard flickers and vanishes!
Deactivating autopickup; reactivate with Ctrl-A.
You block the orc warrior's attack.
You scratch the orc warrior but do no damage.
The orc warrior hits you with a +0 short sword.
You closely miss the orc warrior. You block the orc warrior's attack.
You barely miss the orc warrior. You block the orc warrior's attack. x2
You scratch the orc warrior but do no damage.
The orc warrior hits you from afar with a +0 glaive!!
The orc warrior hits you with a +0 short sword!
* * * LOW HITPOINT WARNING * * *
Blink to where?
Press: ? - help, Dir - move target
As you read the scroll of blinking, it crumbles to dust.
The wight hits you with a +2 short sword of freezing!
You die...

▓+▓
▓.▓
▓@▓
▓z▓
▓{▓
▓o▓
▓Z▓
▓o▓
▓§▓
▓.▓
▓[▓


You could see 2 orc warriors, a wight and a quokka zombie.

Vanquished Creatures
  A killer bee (D)
  An iguana (D)
  A gnoll (D)
  A white imp (D)
  An ufetubus (D)
  2 bats (D)
  2 endoplasms (D)
  A kobold (D)
  A quokka (D)
11 creatures vanquished.

Notes
Turn   | Place    | Note
-------+----------+-------------------------------------------
     0 | D        | Zeldest the Troll Fighter began the quest for the Orb.
     0 | D        | Reached XP level 1. HP: 22/22 MP: 0/0
    11 | D        | Reached skill level 3 in Unarmed Combat
    17 | D        | Reached skill level 4 in Unarmed Combat
    26 | D        | Noticed an iguana
    31 | D        | Killed an iguana
    32 | D        | Reached skill level 6 in Unarmed Combat
    32 | D        | Reached XP level 2. HP: 29/29 MP: 1/1
    32 | D        | Reached XP level 3. HP: 36/36 MP: 2/2
    40 | D        | Reached skill level 7 in Unarmed Combat
    48 | D        | Found a snail-covered altar of Cheibriados.
    48 | D        | Found a shadowy altar of Dithmenos.
    48 | D        | Found a white marble altar of Elyvilon.
    48 | D        | Found a blossoming altar of Fedhas.
    48 | D        | Found an opulent altar of Gozag.
    49 | D        | Found a hazy altar of Hepliaklqana.
    50 | D        | Found a viscous altar of Jiyva.
    51 | D        | Found an ancient bone altar of Kikubaaqudgha.
    52 | D        | Found a corrupted altar of Lugonu.
    53 | D        | Found a burning altar of Makhleb.
    56 | D        | Became a worshipper of Cheibriados the Contemplative
    59 | D        | Found a sparkling altar of Nemelex Xobeh.
    60 | D        | Found an iron altar of Okawaru.
    61 | D        | Found a stormy altar of Qazlal.
    62 | D        | Found a sacrificial altar of Ru.
    63 | D        | Found a shimmering blue altar of Sif Muna.
    64 | D        | Found a bloodstained altar of Trog.
    65 | D        | Found a hide-covered altar of Uskayaw.
    66 | D        | Found a radiant altar of Vehumet.
    67 | D        | Found an ornate altar of the Wu Jian Council.
    68 | D        | Found a shimmering altar of Xom.
    69 | D        | Found a basalt altar of Yredelemnul.
    70 | D        | Found a glowing silver altar of Zin.
    71 | D        | Found a glowing golden altar of the Shining One.
    98 | D        | Noticed an orc warrior
    98 | D        | Noticed an orc warrior
    98 | D        | Noticed a killer bee
   102 | D        | Killed a killer bee
   103 | D        | Reached skill level 1 in Armour
   103 | D        | Reached skill level 8 in Unarmed Combat
   103 | D        | Reached skill level 1 in Invocations
   103 | D        | Reached XP level 4. HP: 44/45 MP: 2/4
   108 | D        | Slain by a wight

Illustrated notes

Levels and vault maps discovered:
D:        linesprint [early_d, line_temple, items_1, d_10, items_2, lair_1,
          lair_end, items_3, orc_1, orc_end, items_4, d_15, swamp_1, shoals_1,
          snake_1, spider_1, d_20, vaults_1, items_5, swamp_end, shoals_end,
          snake_end, spider_end, vaults_end, d_27, items_6, zot_1, zot_end,
          crypt_end, forest_end, elf_end, slime_end, tomb_end, abyss_end,
          pan_hell_end]

Skill      XL: |  1  2  3 |
---------------+----------+-----
Unarmed Combat | 6 8 |  8.0
Fighting       | 3 |  3.0
Armour         | 1 |  1.4
Shields        | 3 |  3.0
Invocations    | 1 |  1.6
Dodging        | |  2.4

Action                   |  1- 3 |  4- 6 || total
-------------------------+-------+-------++-------
Melee: Unarmed           |    33 |     5 ||    38
  Use: Potion            |     2 |       ||     2
       Scroll            |       |     1 ||     1
Armor: Robe              |     4 |       ||     4
Dodge: Dodged            |    12 |       ||    12
Block: Kite shield       |    16 |     4 ||    20

Table legend: (Time is in decaauts)
 A = Elapsed time spent in this place.
 B = Non-inter-level travel time spent in this place.
 C = Inter-level travel time spent in this place.
 D = Time resting spent in this place.
 E = Time spent auto-exploring this place.
 F = Levels seen in this place.
 G = Mean time per level.
                   A        B        C        D        E       F      G
               +--------+--------+--------+--------+--------+-----+--------+
         Total |    116 |    116 |      0 |      0 |      0 |   1 |  116.0 |
       Dungeon |    116 |    116 |      0 |      0 |      0 |   1 |  116.0 |
               +--------+--------+--------+--------+--------+-----+--------+

Top non-repeatable levels by time:
       D: 116 daAuts
